 Dungeon Sprint DCSS version 0.21.1-1-g345015f (webtiles) character file.

664 diana the Carver (level 7, -14/64 HPs)
             Began as a Demigod Gladiator on July 26, 2018.
             Killed from afar by a hellephant (77 damage)
             ... with a blast of flame
             ... in the Dungeon (Sprint V: "Ziggurat Sprint").
             The game lasted 00:05:15 (219 turns).

diana the Carver (Demigod Gladiator)                 Turns: 219, Time: 00:05:17

Health: -14/64     AC: 32    Str: 27    XL:     7   Next: 9%
Magic:  14/18      EV:  3    Int: 12    God:
Gold:   0          SH: 26    Dex: 17    Spells: 6/6 levels left

rFire    . . .     SeeInvis +   M - +9 sword of Zonguldrok {reap}
rCold    . . .     Gourm    +   J - +18 shield of the Gong {rElec rN+ MR+ EV-5}
rNeg     + . .     Faith    .   I - +15 Maxwell's patent armour {-Cast -Tele rElec MR+ rCorr}
rPois    +         Spirit   .   c - +0 helmet
rElec    +         Reflect  .   (no cloak)
rCorr    +         Harm     .   V - +2 pair of gloves {archery}
MR       ++...     NoTele   +   (no boots) Stlth ..........NoCast +
                                W - amulet "Runamm" {Gourm *Contam *Corrode Slay+5 SInv}
HPRegen  0.20/turn              B - +6 ring of strength
MPRegen  0.16/turn              U - ring of Kiecsuot {rPois MP+9 Slay+5}

@: no status effects
A: high mp 1
a: no special abilities


You were in the Dungeon.
You were not hungry.

You visited 1 branch

Inventory:

Hand Weapons
 a - a +0 long sword
 K - the +11 plutonium sword {*Contam Stlth-}
   (You found it in the Dungeon)

   It causes magical contamination when unequipped.
   It makes you less stealthy.
 L - the +0 sword of Power
   (You found it in the Dungeon)
 M - the +9 sword of Zonguldrok (weapon) {reap}
   (You found it in the Dungeon)

   If a monster killed with it leaves a corpse in good enough shape, the corpse
   will be animated as a zombie friendly to the killer.
 N - a +5 demon blade
 O - a +5 double sword
 P - a +5 great sword
 Q - a +5 triple sword
Missiles
 d - 3 throwing nets (quivered)
Armour
 b - a +0 leather armour
 c - a +0 helmet (worn)
 I - the +15 Maxwell's patent armour (worn) {-Cast -Tele rElec MR+ rCorr}
   (You found it in the Dungeon)

   It insulates you from electricity.
   It affects your resistance to hostile enchantments.
   It prevents spellcasting.
   It prevents most forms of teleportation.
   It protects you from acid and corrosion.
 J - the +18 shield of the Gong (worn) {rElec rN+ MR+ EV-5}
   (You found it in the Dungeon)

   It affects your evasion (-5).
   It insulates you from electricity.
   It protects you from negative energy.
   It affects your resistance to hostile enchantments.
 R - a +5 crystal plate armour
 S - +5 shadow dragon scales
 V - a +2 pair of gloves of archery (worn)
Jewellery
 x - a +6 ring of dexterity
 y - a +6 ring of dexterity
 z - a +6 ring of intelligence
 A - a +6 ring of intelligence
 B - a +6 ring of strength (left hand)
 C - a +6 ring of strength
 G - an uncursed ring of flight
 T - an uncursed amulet of rage
 U - the ring of Kiecsuot (right hand) {rPois MP+9 Slay+5}
   (You found it in the Dungeon)

   [ring of magical power]

   It affects your accuracy and damage with ranged weapons and melee attacks
   (+5).
   It protects you from poison.
   It affects your magic capacity (+9).
 W - the amulet "Runamm" (around neck) {Gourm *Contam *Corrode Slay+5 SInv}
   (You found it in the Dungeon)

   [amulet of the gourmand]

   It allows you to eat raw meat even when not hungry.
   It affects your accuracy and damage with ranged weapons and melee attacks
   (+5).
   It lets you see invisible.
   It causes magical contamination when unequipped.
   It may corrode you when you take damage.
Wands
 D - a wand of disintegration (7)
 E - a wand of iceblast (7)
 F - a wand of acid (5)
Scrolls
 k - 4 scrolls of blinking
 r - 4 scrolls of amnesia
 s - 7 scrolls of fog
 t - a scroll of holy word
 u - 5 scrolls of identify
 v - 5 scrolls of remove curse
 w - 2 scrolls of fear
Potions
 e - 9 potions of curing
 g - 10 potions of heal wounds
 h - 6 potions of haste
 i - 7 potions of magic
 j - 3 potions of berserk rage
 l - 2 potions of brilliance
 m - 2 potions of invisibility
 n - 4 potions of resistance
 o - a potion of experience
 p - 5 potions of agility
 q - 5 potions of might
Miscellaneous
 H - a lightning rod (4/4)
Comestibles
 f - 7 rations


   Skills:
 + Level 6.8 Fighting
 * Level 9.7 Long Blades
 - Level 1.7 Throwing
 + Level 6.4 Armour
 + Level 7.1 Dodging


You had 6 spell levels left.
You didn't know any spells.

Dungeon Overview and Level Annotations

Branches:
Dungeon (1/1)

Annotations:
D 1 transporter


Innate Abilities, Weirdness & Mutations

You have an increased reservoir of magic. (+10% MP)


Message History

The ufetubus dies!
The blast of flame hits you!
The hellephant blinks!
You block the quasit's attack.
SHROANNG!
You block the quasit's attack.
PANG!
The quasit claws you but does no damage.
You slice the quasit!!
You kill the quasit!
The hellephant tramples your ball python zombie!
Your ball python zombie stumbles backwards!
Your ball python zombie is destroyed!
The hellephant breathes flames at you.
The blast of flame hits your scorpion zombie.
Your scorpion zombie is destroyed!
The blast of flame hits your scorpion zombie.
Your scorpion zombie is destroyed!
The blast of flame hits you!
Ouch! That really hurt!
You die...

▓...©....▓...©....▓
▓▓▓▓▓▓▓▓▓▓▓▓▓▓▓▓▓▓▓
▓..8©8..▓ ▓..)[:..▓
▓..)[=..▓ ▓...§...▓
▓.45....▓ ▓.....Y.▓
▓..@.ZZ.▓ ▓.▓..Z▓.▓
▓...©...▓ ▓▓▓▓▓▓▓▓▓


You could see a hellephant, a chaos spawn, a quasit, a friendly adder zombie, a
friendly water moccasin zombie and a friendly scorpion zombie.

Vanquished Creatures
  A tarantella (D)
  A naga (D)
  5 scorpions (D)
  A quasit (D)
  An iron imp (D)
  3 mummies (D)
  An adder (D)
  4 ufetubi (D)
  A ball python (D)
18 creatures vanquished.

Vanquished Creatures (collateral kills)
  A water moccasin (D)
  A scorpion (D)
2 creatures vanquished.

Vanquished Creatures (others)
  An ufetubus (D)
1 creature vanquished.

Grand Total: 21 creatures vanquished

Notes
Turn   | Place    | Note
-------+----------+-------------------------------------------
     0 | D        | Found the +6 Majin-Bo {vamp, Archmagi MP+6 Int+6}
     0 | D        | Found the +7 great mace "Firestarter" {inner flame, rF++}
     0 | D        | diana the Demigod Gladiator began the quest for the Orb.
     0 | D        | Reached XP level 1. HP: 17/17 MP: 3/3
     0 | D        | Found a deep blue altar of Sif Muna.
     0 | D        | Found a sacrificial altar of Ru.
     0 | D        | Found a bloodstained altar of Trog.
     0 | D        | Found a stormy altar of Qazlal.
     0 | D        | Found an iron altar of Okawaru.
     0 | D        | Found a sparkling altar of Nemelex Xobeh.
     0 | D        | Found a blossoming altar of Fedhas.
     2 | D        | Found a transporter.
     2 | D        | Found an ancient bone altar of Kikubaaqudgha.
     2 | D        | Found a viscous altar of Jiyva.
     2 | D        | Found a corrupted altar of Lugonu.
     2 | D        | Found a hazy altar of Hepliaklqana.
     2 | D        | Found a burning altar of Makhleb.
     2 | D        | Found an opulent altar of Gozag.
    23 | D        | Found the +9 heavy crossbow "Sniper" {velocity, Acc+∞ SInv}
    23 | D        | Found the +10 dark maul {crush}
    23 | D        | Found the +15 Maxwell's patent armour {-Cast -Tele rElec MR+ rCorr}
    23 | D        | Found the +18 shield of the Gong {rElec rN+ MR+ EV-5}
    23 | D        | Found the cursed +14 obsidian axe {chop, +Fly SInv *Curse}
    25 | D        | Found the +6 shillelagh "Devastator" {shatter}
    25 | D        | Found the +11 plutonium sword {*Contam Stlth-}
    25 | D        | Found the +8 lance "Wyrmbane" {slay drac, rPois rF+ rC+ AC+3}
    25 | D        | Found the +9 sword of Zonguldrok {reap}
    25 | D        | Found the cursed +13 scythe of Curses {drain, *Curse}
    25 | D        | Found the +0 sword of Power
    25 | D        | Found the -3 mace of Variability {chaos}
    25 | D        | Found the +7 Singing Sword
    25 | D        | Found the +7 longbow "Piercer" {penet, EV-2}
    69 | D        | Entered arena 2.
    69 | D        | Noticed a scorpion
    69 | D        | Noticed a scorpion
    69 | D        | Found a transporter.
    80 | D        | Killed a scorpion
    80 | D        | Reached skill level 4 in Long Blades
    80 | D        | Reached XP level 2. HP: 21/26 MP: 4/4
    80 | D        | Reached XP level 3. HP: 25/31 MP: 5/5
    82 | D        | Killed a scorpion
    82 | D        | Reached skill level 5 in Long Blades
    82 | D        | Reached XP level 4. HP: 33/40 MP: 6/6
   134 | D        | Entered arena 3.
   134 | D        | Found a transporter.
   142 | D        | Reached skill level 6 in Long Blades
   152 | D        | Entered arena 4.
   152 | D        | Noticed a naga
   152 | D        | Noticed a water moccasin
   152 | D        | Found a transporter.
   156 | D        | Killed a water moccasin
   156 | D        | Reached skill level 5 in Fighting
   156 | D        | Reached skill level 7 in Long Blades
   156 | D        | Reached skill level 5 in Dodging
   156 | D        | Reached XP level 5. HP: 46/48 MP: 7/7
   162 | D        | Killed a naga
   162 | D        | Reached skill level 5 in Armour
   166 | D        | Got the ring of Kiecsuot {rPois MP+9 Slay+5}
   179 | D        | Entered arena 5.
   179 | D        | Found a transporter.
   182 | D        | Reached skill level 8 in Long Blades
   183 | D        | Reached XP level 6. HP: 49/56 MP: 8/8
   192 | D        | Entered arena 6.
   192 | D        | Noticed a tarantella
   192 | D        | Found a transporter.
   196 | D        | Killed a tarantella
   196 | D        | Reached skill level 9 in Long Blades
   204 | D        | Reached XP level 7. HP: 60/64 MP: 9/9
   208 | D        | Got the amulet "Runamm" {Gourm *Contam *Corrode Slay+5 SInv}
   213 | D        | Entered arena 7.
   213 | D        | Noticed a chaos spawn
   213 | D        | Noticed a hellephant
   214 | D        | Found a transporter.
   219 | D        | Killed from afar by a hellephant

Skill      XL: |  1  2  3  4  5  6 |
---------------+-------------------+-----
Fighting       | 3 4 5 6 |  6.8
Long Blades    | 4 5 7 8 9 |  9.7
Armour         | 2 3 4 5 6 |  6.4
Dodging        | 3 4 5 6 7 |  7.1
Throwing       | |  1.7

Action                   |  1- 3 |  4- 6 |  7- 9 || total
-------------------------+-------+-------+-------++-------
Melee: Double sword      |    11 |    30 |     1 ||    42
Evoke: Wand              |       |       |     2 ||     2
  Use: Potion            |     1 |       |       ||     1
Armor: Plate armour      |     9 |    23 |     2 ||    34
Dodge: Dodged            |     1 |     5 |       ||     6
Block: Shield            |    16 |    50 |     2 ||    68
       Rpst.: Double sword |       |     1 |       ||     1
